 Dungeon Crawl Stone Soup version 0.24.0-123-gd5b16e6ec5 (webtiles) character file.

Game seed: 8621179824462455862, levelgen mode: deterministic

147 Legadrian the Vandal (level 5, -1/38 HPs)
             Began as a Human Transmuter on Feb 12, 2020.
             Succumbed to vurker's ghost's poison
             ... on level 3 of the Dungeon.
             The game lasted 00:11:25 (2622 turns).

Legadrian the Vandal (Human Transmuter)             Turns: 2622, Time: 00:11:26

Health: -1/38      AC: 10    Str: 10    XL:     5   Next: 55%
Magic:  9/9        EV:  8    Int: 15    God:
Gold:   122        SH:  0    Dex: 13    Spells: 8/9 levels left

rFire    x . .     SeeInvis .   f - +6 hunting sling
rCold    + + +     Gourm    .   (no shield)
rNeg     . . .     Faith    .   e - +0 ice dragon scales
rPois    .         Spirit   .   k - +0 helmet
rElec    .         Reflect  .   (no cloak)
rCorr    .         Harm     .   (no gloves)
MR       .....                  (no boots)
Stlth    ..........             (no amulet)
HPRegen  0.12/turn              m - ring of protection from cold
MPRegen  0.11/turn              (no ring)

@: lethally poisoned (-1 -> -37)
A: no striking features
a: no special abilities


You were on level 3 of the Dungeon.
You were not hungry.

You visited 1 branch of the dungeon, and saw 3 of its levels.

You collected 122 gold pieces.

Inventory:

Hand Weapons
 c - a +0 mace
 f - a +6 hunting sling (weapon)
Missiles
 a - 12 arrows
 h - 24 stones (quivered)
 i - 15 poisoned darts
 l - 5 javelins
Armour
 b - a +0 robe
 e - +0 ice dragon scales (worn)
 k - a +0 helmet (worn)
Jewellery
 m - a ring of protection from cold (left hand)
Scrolls
 n - 2 scrolls of remove curse
Potions
 j - 2 potions of brilliance
Comestibles
 d - 5 rations
 g - 3 chunks of flesh


   Skills:
 * Level 2.1 Fighting
 + Level 3.2 Slings
 - Level 2.0 Dodging
 - Level 3.0 Unarmed Combat
 - Level 2.7 Spellcasting
 - Level 2.7 Transmutations


You had 8 spell levels left.
You knew the following spells:

 Your Spells              Type           Power        Failure   Level  Hunger
a - Beastly Appendage     Tmut           ##....       58%         1    #......

Your spell library contained the following spells:

 Spells                   Type           Power        Failure   Level  Hunger
 Sticks to Snakes         Tmut           ##......     73%         2    ##.....
 Spider Form              Tmut/Pois      #.........   98%         3    ###....
 Ice Form                 Ice/Tmut       #.......     100%        4    #####..
 Blade Hands              Tmut           ##........   100%        5    ######.


Dungeon Overview and Level Annotations

Branches:
Dungeon (3/15)

Altars:
Dithmenos

Annotations:
D:3 vurker's ghost, amateur TeAE


Message History

Press: ? - help, Shift-Dir - straight line, f/p - vurker's ghost
Aim: vurker's ghost, wielding a weapon of venom (heavily damaged)
You shoot a stone. The stone barely misses vurker's ghost.
You hear a splash.
You feel very sick. Vurker's ghost hits you.
* * * LOW HITPOINT WARNING * * *
You are more poisoned.
As you read the scroll of teleportation, it crumbles to dust.
You feel strangely unstable.
* * * LOW HITPOINT WARNING * * *
You feel very sick.
Vurker's ghost hits you but does no damage.
You are more poisoned.
* * * LOW HITPOINT WARNING * * *
You feel very sick.
* * * LOW HITPOINT WARNING * * *
You feel very sick.
Your surroundings suddenly seem different.
You die...

## ### .# #.# .####
#.#### # ....# #....# ..
.##.# #.##.####.# .##.#
#.##.#...
.##.##########.##.#.#
.##.#...........@...#
....#.######........##.##
..#.#.# #.#...........
..#.#.# #.#....######.
..#...######+#.........#
..####...................
### #...............#...
#...........###.# #.
#######+#...# .#


There were no monsters in sight!

Vanquished Creatures
  4 gnolls (D:2)
  4 adders
  An ooze (D:1)
  3 worms (D:2)
  A leopard gecko (D:1)
  2 giant cockroaches (D:1)
  8 goblins
  5 hobgoblins
  4 jackals (D:3)
  10 kobolds
  A ball python (D:2)
  6 bats
  3 frilled lizards
  10 rats
62 creatures vanquished.

Notes
Turn   | Place    | Note
-------+----------+-------------------------------------------
     0 | D:1      | Legadrian the Human Transmuter began the quest for the Orb.
     0 | D:1      | Reached XP level 1. HP: 15/15 MP: 3/3
   356 | D:1      | Reached XP level 2. HP: 20/21 MP: 5/5
   760 | D:1      | Reached XP level 3. HP: 21/26 MP: 6/6
   969 | D:2      | Found a shadowy altar of Dithmenos.
  1457 | D:2      | Reached XP level 4. HP: 32/32 MP: 8/8
  1473 | D:2      | Reached skill level 1 in Slings
  1610 | D:2      | Reached XP level 5. HP: 35/38 MP: 9/9
  2600 | D:3      | Found a runed translucent door.
  2606 | D:3      | Noticed vurker's ghost (amateur TeAE)
  2621 | D:3      | HP: 1/38 [poisoned by vurker's ghost]
  2622 | D:3      | Succumbed to vurker's ghost's poison

Levels and vault maps discovered:
D:1:      scummos_arrival_checkerplants, layout_rooms
D:2:      minmay_wonky_spiral, layout_basic,
          nicolae_dithmenos_through_a_glass_darkly
D:3:      layout_basic, ebering_ghost_reflecting_pool, corexii_corridor_pit

Skill      XL: |  1  2  3  4  5 |
---------------+----------------+-----
Slings         | 2 3 |  3.2
Fighting       | 2 |  2.1
Dodging        | |  2.0
Unarmed Combat | |  3.0
Spellcasting   | |  2.7
Transmutations | |  2.7

Action                   |  1- 3 |  4- 6 || total
-------------------------+-------+-------++-------
Melee: Unarmed           |   100 |       ||   100
       Headbutt          |     1 |       ||     1
 Fire: Hunting sling     |    14 |   114 ||   128
 Cast: Beastly Appendage |     3 |       ||     3
  Use: Scroll            |     6 |     5 ||    11
       Potion            |     1 |       ||     1
  Eat: Chunk             |     2 |     3 ||     5
Armor: Ice dragon scales |    60 |    31 ||    91
       Robe              |     2 |       ||     2
Dodge: Dodged            |    41 |    25 ||    66
